Map: Para Site LE

Players

Denver - Winner!

  • Race: Zerg Zerg
  • Spawn Location: 5:00

TooDming

  • Race: Zerg Zerg
  • Spawn Location: 11:00

Event: WCS Montreal 2018

VOD

Have the link to the VOD?

Description

Time

  • Played on: Sept. 7, 2018, 7:23 p.m.
  • Length: 3:39

All games in this series

Show
View Real Time Build Order
Export as new Build Order

Denver Zerg - Winner!

Build Orders: Pool First 

Get SALT Encoding   

  12  0:00  Drone  
  13  0:12  Overlord  
  13  0:16  Drone  
  14  0:31  Drone x2  
  14  0:35  Drone  
  17  0:44  Extractor  
  17  0:45  Spawning Pool  
  17  0:49  Drone  
  16  0:55  Drone  
  17  1:14  Hatchery  
  17  1:18  Drone  
  17  1:32  Zergling x4  
  19  1:36  Queen  
  21  1:46  Metabolic Boost  
  21  1:51  Overlord  
  21  1:56  Zergling x2  
  22  2:10  Zergling x2  
  22  2:11  Zergling x2  
  22  2:14  Baneling Nest  
  23  2:19  Queen  
  25  2:24  Zergling x2  
  25  2:29  Zergling x2  
  27  2:32  Zergling x2  
  28  2:37  Zergling x2  
  28  2:43  Zergling x2  
  30  2:44  Zergling x2  
  30  2:45  Zergling x2  
  30  2:50  Zergling x2  
  33  2:57  Overlord  
  33  3:01  Baneling x2  
  33  3:02  Baneling  
  33  3:09  Baneling  
  33  3:14  Zergling x4  
  35  3:21  Zergling x4  
Show
View Real Time Build Order
Export as new Build Order

TooDming Zerg 

Build Orders: Hatch First 

Get SALT Encoding   

  12  0:00  Drone  
  13  0:08  Drone  
  14  0:33  Hatchery  
  13  0:37  Drone  
  14  0:48  Extractor  
  14  0:49  Drone  
  14  0:59  Spawning Pool  
  14  1:03  Drone  
  14  1:13  Drone, Evolution Chamber  
  14  1:17  Overlord  
  15  1:45  Zergling x8  
  19  1:54  Metabolic Boost  
  19  1:56  Queen  
  21  2:01  Zergling x2  
  21  2:03  Zergling x2  
  23  2:09  Zergling x2  
  23  2:10  Zergling x2  
  25  2:17  Overlord  
  25  2:32  Zergling x2  
  25  2:34  Zergling x4  
  28  2:43  Zergling x4  
  30  2:53  Zergling x4  
  32  3:07  Zergling x2  
  32  3:08  Zergling x6  
  36  3:14  Overlord  
Tags
 
Add a new tag
Caveats
  • Supply blocks, unpowered buildings, or Contaminate may cause inaccurate times.
  • Supply counts are checked every 10 seconds.